AoeStats
← Aqua

Nomad

508396412Analyzed
2v2 RM · 10d ago on Sep 22, 2026· 42m 44s· 4 players
Game mode
Random Map
Map size
176×176
Population
200
Speed
Normal
Resources
Standard
Victory
Conquest
Starting age
Dark Age
Ending age
Imperial Age
RankedLock teamsTeams togetherTeam positionsShared explorationLock speedFull tech treeHidden civsTurbo modeCheats
Victory
Defeat
1568
+16
🇩🇪 Spanish · Germany
1479
+20
🇪🇸 Lithuanians · Spain
1595
-19
🇫🇷 Spanish · France
1534
-17
♡ Laborchef Dr. Laugenmäusken
9:32 Loom
12:02 Feudal Age
19:00 Castle Age
18:54 Scale Barding Armor
23:05 Horse Collar
28:16 Fervor
29:28 Sanctity
31:28 Atonement
31:28 Double-Bit Axe
32:54 Town Watch
39:15 Imperial Age
39:41 Bow Saw
40:19 Conscription
43:28 Bloodlines
43:40 Chain Barding Armor
43:32 Forging
Aqua
4:23 Loom
14:36 Feudal Age
19:58 Castle Age
18:35 Double-Bit Axe
19:10 Gold Mining
21:01 Bow Saw
20:41 Horse Collar
22:32 Padded Archer Armor
29:51 Leather Archer Armor
29:28 Fletching
36:57 Wheelbarrow
40:41 Bodkin Arrow
Sunrise1988
4:38 Loom
12:30 Feudal Age
18:10 Castle Age
16:34 Fishing Lines
18:37 Double-Bit Axe
23:59 Gold Mining
30:40 Husbandry
31:47 Bloodlines
32:09 Town Watch
34:26 Horse Collar
34:52 Light Cavalry
38:39 Wheelbarrow
42:18 Imperial Age
NaY
5:18 Loom
11:38 Feudal Age
12:50 Double-Bit Axe
18:30 Fletching
22:13 Wheelbarrow
27:42 Castle Age
34:53 Fishing Lines
37:08 Gold Mining
37:52 Bow Saw
40:17 Gillnets
41:37 Gold Mining
Connection lost

Rejoining the realm…

Still unreachable

The connection could not be restored.

Session expired

The server has moved on; the page needs a fresh start.